Rockets vs Americans
Created - December 5, 2024 at 19:37
Goals
|
| Rockets |
0 |
1 |
0 |
1 |
| Americans |
0 |
1 |
2 |
3 |
|
Shots
|
| Rockets |
3 |
20 |
13 |
36 |
| Americans |
17 |
11 |
16 |
44 |
|
1st period
No Goal
Penalties :
Nick Suzuki (Lav) for Roughing (Double Minor) at 11:50
2nd period
1. Rockets , Matias Maccelli 10 (Nick Suzuki 12, Quinn Hughes 1) at 6:44 (PP)
2. Americans , Michael McCarron 5 (Dillon Heatherington 5, Richard Nejezchleb 4) at 15:55
Penalties :
Xavier Bouchard (Roc) for Holding Stick (Minor) at 5:49
3rd period
3. Americans , Alex Schoenborn 4 (Matt Grzelcyk 10, Spencer Stastney 5) at 8:41
4. Americans , Ryan Fitzgerald 13 (Kevin Fiala 17, Vladimir Tkachev 3) at 14:38
Penalties :
Devon Teows (Roc) for Holding (Minor) at 11:00, Alexander Romanov (Lav) for Tripping (Minor) at 15:31
Goalie Stats
Justus Annunen (Lav), 41 saves from 44 shots - (0.932), L, 3-3-2, 60:00 minutes
Connor Hellebyuk (Roc), 35 saves from 36 shots - (0.972), W, 9-8-0, 60:00 minutes
Players Stats for Rockets
Player Name G A P +/- PIM S H SB GA TA FO MP PP MP PK MP
------------------------------------------------------------------------------------
Alex Newhook 0 0 0 0 0 3 3 0 0 1 0/0 12:17 1:54 0:09
Alexander Romanov 0 0 0 -2 2 1 4 1 0 0 0/0 21:09 0:00 1:37
Aliaksei Protas 0 0 0 -1 0 1 2 0 0 0 0/0 8:05 0:00 0:00
Arber Xhekaj 0 0 0 -1 0 0 0 0 0 2 0/0 6:51 0:00 0:49
Cole Caufield 0 0 0 -1 0 3 2 1 0 0 0/0 12:44 1:00 1:44
Eetu Luostarinen 0 0 0 0 0 2 2 0 1 0 1/1 20:05 1:54 2:00
Eric Karlsson 0 0 0 -2 0 2 0 0 0 0 0/0 8:34 0:00 1:22
Garret Pilon 0 0 0 -1 0 2 3 0 0 0 0/5 11:34 0:00 1:07
Jacob Bryson 0 0 0 0 0 2 1 2 0 1 0/0 17:02 1:42 0:00
Jacob De La Rose 0 0 0 0 0 0 0 1 0 0 11/26 18:52 0:00 2:31
Jayden Struble 0 0 0 -1 0 0 0 0 0 0 0/0 5:04 0:00 0:00
Jeff Corbett 0 0 0 0 0 1 1 0 1 1 0/0 13:13 0:00 2:55
John Marino 0 0 0 0 0 4 1 0 0 1 0/0 19:57 1:42 2:55
Josh Anderson 0 0 0 -1 0 2 1 1 2 0 1/1 19:23 0:00 2:36
Kirby Dach 0 0 0 -1 0 1 1 0 0 0 2/3 9:15 1:54 0:00
Matias Maccelli 1 0 1 -1 0 4 2 0 1 0 0/1 18:21 1:00 0:00
Moritz Seider 0 0 0 0 0 3 0 0 0 1 0/0 13:03 1:12 1:07
Nick Suzuki 0 1 1 -1 4 4 4 1 0 0 12/25 18:42 1:00 0:27
Quinn Hughes 0 1 1 -2 0 1 0 2 1 0 0/0 23:45 1:12 2:33
Tage Thompson 0 0 0 0 0 0 1 0 0 0 0/1 16:04 0:00 0:00
Players Stats for Americans
Player Name G A P +/- PIM S H SB GA TA FO MP PP MP PK MP
------------------------------------------------------------------------------------
Alex Schoenborn 1 0 1 1 0 6 1 0 1 0 0/0 9:47 0:50 0:00
Daniel Sprong 0 0 0 0 0 1 2 1 1 0 1/1 10:56 0:00 0:00
Devon Teows 0 0 0 2 2 4 1 1 1 0 0/0 26:41 2:34 0:39
Dillon Heatherington 0 1 1 2 0 4 2 1 0 2 0/0 27:15 2:36 1:37
Felix Bibeau 0 0 0 1 0 0 0 0 0 0 0/0 9:19 0:00 0:00
Jakob Pelletier 0 0 0 0 0 2 1 0 1 0 0/0 11:16 0:46 0:00
John Leonard 0 0 0 1 0 2 0 1 0 0 1/1 16:18 2:28 1:07
Kevin Fiala 0 1 1 1 0 11 2 1 1 2 1/4 20:40 2:41 0:00
Matt Grzelcyk 0 1 1 1 0 2 2 1 0 0 0/0 19:42 2:47 1:17
Maxim Mamin 0 0 0 0 0 1 1 1 1 0 2/4 12:16 0:55 0:14
Michael McCarron 1 0 1 1 0 3 1 0 0 0 6/12 16:38 2:25 0:53
Nathan Noel 0 0 0 1 0 0 1 0 0 0 4/4 9:56 0:00 0:00
Richard Nejezchleb 0 1 1 1 0 2 2 0 0 0 0/0 14:39 2:27 0:00
Ryan Fitzgerald 1 0 1 1 0 6 2 0 0 2 19/33 22:27 2:41 1:47
Samuel Bolduc 0 0 0 0 0 0 1 0 0 0 0/0 13:24 0:32 0:24
Spencer Stastney 0 1 1 1 0 0 1 0 0 0 0/0 20:16 2:47 1:51
Vladimir Tkachev 0 1 1 1 0 0 1 0 1 0 2/4 22:27 2:41 1:47
Xavier Bouchard 0 0 0 0 2 0 1 1 0 0 0/0 13:07 0:40 0:00
3 Stars
1 - Connor Hellebyuk (Roc)
2 - Ryan Fitzgerald (Roc)
3 - Alex Schoenborn (Roc)
Power Play
Rockets - 1 on 2 Attempt(s) - 50.00%
Americans - 0 on 3 Attempt(s) - 0.00%
Penalty Kill
Rockets - 3 on 3 Attempt(s) - 100.00%
- Score 0 goal in Penalty Kill
Americans - 1 on 2 Attempt(s) - 50.00%
- Score 0 goal in Penalty Kill
Team Stat
Rockets - Hits : 28 - Faceoff Wins : 27 - Blocked Shots : 9 - Penalty Minutes : 6
Americans - Hits : 22 - Faceoff Wins : 36 - Blocked Shots : 8 - Penalty Minutes : 4
Official
Referees : Peter MacDougall and Kelly Sutherland
Linesman : Brandon Gawryletz and Andrew Smith
Game Notes
No Game Note
Finance
Level 1 -- Attendance: 1964 (98.20%) -- Ticket Income $137,480
Level 2 -- Attendance: 923 (92.30%) -- Ticket Income $36,920
Total Attendance: 2887 (96.23%)
Total Ticket Income: $174,400
Other Income: $8,720
Total Income: $183,120
Rockets
5 vs 5 Forward
Center Left Wing Right Wing Time % Phy DF OF
1 Jacob De La Rose Eetu Luostarinen Tage Thompson 35 1 2 2
2 Nick Suzuki Matias Maccelli Josh Anderson 35 1 2 2
3 Garret Pilon Alex Newhook Cole Caufield 20 1 2 2
4 Kirby Dach Eric Karlsson Aliaksei Protas 10 1 2 2
5 vs 5 Defense
Defense Defense Time % Phy DF OF
1 Quinn Hughes Alexander Romanov 40 1 2 2
2 John Marino Jacob Bryson 30 1 2 2
3 Jeff Corbett Moritz Seider 20 1 2 2
4 Arber Xhekaj Jayden Struble 10 1 2 2
PowerPlay Forward
Center Left Wing Right Wing Time % Phy DF OF
1 Nick Suzuki Matias Maccelli Cole Caufield 60 1 2 2
2 Kirby Dach Eetu Luostarinen Alex Newhook 40 1 2 2
PowerPlay Defense
Defense Defense Time % Phy DF OF
1 Quinn Hughes Moritz Seider 60 1 2 2
2 John Marino Jacob Bryson 40 1 2 2
Penalty Kill 4 Players Forward
Center Wing Time % Phy DF OF
1 Jacob De La Rose Josh Anderson 60 1 2 2
2 Nick Suzuki Eetu Luostarinen 40 1 2 2
Penalty Kill 4 Players Defense
Defense Defense Time % Phy DF OF
1 Jeff Corbett John Marino 60 1 2 2
2 Quinn Hughes Alexander Romanov 40 1 2 2
Penalty Kill - 3 Players Forward
Forward Time % Phy DF OF
1 Jacob De La Rose 60 1 2 2
2 Josh Anderson 40 1 2 2
Penalty Kill - 3 Players Defense
Defense Defense Time % Phy DF OF
1 Jeff Corbett John Marino 60 1 2 2
2 Alexander Romanov Quinn Hughes 40 1 2 2
4 vs 4 Forward
Center Wing Time % Phy DF OF
1 Jacob De La Rose Josh Anderson 60 1 2 2
2 Nick Suzuki Eetu Luostarinen 40 1 2 2
4 vs 4 Defense
Defense Defense Time % Phy DF OF
1 Quinn Hughes John Marino 60 1 2 2
2 Jeff Corbett Jacob Bryson 40 1 2 2
Last Minutes Offensive
Center Left Wing Right Wing Defense Defense
Jacob De La Rose Eetu Luostarinen Josh Anderson Quinn Hughes John Marino
Last Minutes Defensive
Center Left Wing Right Wing Defense Defense
Jacob De La Rose Eetu Luostarinen Josh Anderson Quinn Hughes John Marino
Goaltenders
Starting : Justus Annunen
Backup : Pyotr Kochetkov
Extra Forwards
Normal : Aliaksei Protas, Garret Pilon, Cole Caufield - PP : Aliaksei Protas, Garret Pilon - PK : Cole Caufield
Extra Defensemen
Normal : Alexander Romanov, Moritz Seider, Arber Xhekaj - PP : Alexander Romanov - PK : Moritz Seider, Arber Xhekaj
Penalty Shots
Jacob De La Rose, Josh Anderson, Nick Suzuki, Eetu Luostarinen, Garret Pilon
Custom OT Lines Forwards
Jacob De La Rose, Josh Anderson, Nick Suzuki, Eetu Luostarinen, Garret Pilon, Matias Maccelli, Tage Thompson, Cole Caufield, Alex Newhook, Eric Karlsson
Custom OT Lines Defensemen
Quinn Hughes, John Marino, Jeff Corbett, Jacob Bryson, Alexander Romanov
Scratches
Grant Besse (Healthy), Hunter Drew (Healthy), Zach Stepan (Healthy), Michael Pezzetta (Healthy), Joel Teasdale (Healthy)
Zachary Gallant (Healthy), Ville Heinola (Healthy), Olle Eriksson Ek (Healthy)
Americans
5 vs 5 Forward
Center Left Wing Right Wing Time % Phy DF OF
1 Ryan Fitzgerald Vladimir Tkachev Kevin Fiala 40 1 2 2
2 Michael McCarron John Leonard Richard Nejezchleb 30 1 2 2
3 Maxim Mamin Jakob Pelletier Daniel Sprong 20 1 2 2
4 Nathan Noel Felix Bibeau Alex Schoenborn 10 1 2 2
5 vs 5 Defense
Defense Defense Time % Phy DF OF
1 Dillon Heatherington Devon Teows 40 1 2 2
2 Matt Grzelcyk Spencer Stastney 30 1 2 2
3 Samuel Bolduc Xavier Bouchard 20 1 2 2
4 Dillon Heatherington Devon Teows 10 1 2 2
PowerPlay Forward
Center Left Wing Right Wing Time % Phy DF OF
1 Ryan Fitzgerald Vladimir Tkachev Kevin Fiala 60 1 2 2
2 Michael McCarron John Leonard Richard Nejezchleb 40 1 2 2
PowerPlay Defense
Defense Defense Time % Phy DF OF
1 Dillon Heatherington Devon Teows 60 1 2 2
2 Matt Grzelcyk Spencer Stastney 40 1 2 2
Penalty Kill 4 Players Forward
Center Wing Time % Phy DF OF
1 Ryan Fitzgerald Vladimir Tkachev 60 1 2 2
2 Michael McCarron John Leonard 40 1 2 2
Penalty Kill 4 Players Defense
Defense Defense Time % Phy DF OF
1 Dillon Heatherington Devon Teows 60 1 2 2
2 Matt Grzelcyk Spencer Stastney 40 1 2 2
Penalty Kill - 3 Players Forward
Forward Time % Phy DF OF
1 Ryan Fitzgerald 60 1 2 2
2 Michael McCarron 40 1 2 2
Penalty Kill - 3 Players Defense
Defense Defense Time % Phy DF OF
1 Dillon Heatherington Devon Teows 60 1 2 2
2 Matt Grzelcyk Spencer Stastney 40 1 2 2
4 vs 4 Forward
Center Wing Time % Phy DF OF
1 Ryan Fitzgerald Vladimir Tkachev 60 1 2 2
2 Michael McCarron John Leonard 40 1 2 2
4 vs 4 Defense
Defense Defense Time % Phy DF OF
1 Dillon Heatherington Devon Teows 60 1 2 2
2 Matt Grzelcyk Spencer Stastney 40 1 2 2
Last Minutes Offensive
Center Left Wing Right Wing Defense Defense
Ryan Fitzgerald Vladimir Tkachev Kevin Fiala Dillon Heatherington Devon Teows
Last Minutes Defensive
Center Left Wing Right Wing Defense Defense
Ryan Fitzgerald Vladimir Tkachev Kevin Fiala Dillon Heatherington Devon Teows
Goaltenders
Starting : Connor Hellebyuk
Backup : Peyton Jones
Extra Forwards
Normal : Michael McCarron, Maxim Mamin, Nathan Noel - PP : Michael McCarron, Maxim Mamin - PK : Michael McCarron
Extra Defensemen
Normal : Spencer Stastney, Samuel Bolduc, Xavier Bouchard - PP : Spencer Stastney - PK : Spencer Stastney, Samuel Bolduc
Penalty Shots
Kevin Fiala, Ryan Fitzgerald, Richard Nejezchleb, Vladimir Tkachev, Michael McCarron
Custom OT Lines Forwards
Kevin Fiala, Ryan Fitzgerald, Richard Nejezchleb, Vladimir Tkachev, Michael McCarron, Maxim Mamin, Nathan Noel, Daniel Sprong, Alex Schoenborn, John Leonard
Custom OT Lines Defensemen
Dillon Heatherington, Devon Teows, Matt Grzelcyk, Spencer Stastney, Samuel Bolduc
Scratches
Jonas Brodin (Suspend), Justin Bailey (Suspend), Peyton Krebs (Healthy), Dmitri Semykin (Healthy), Zachary Senyshyn (Healthy)
Lauri Pajuniemi (Healthy), Anthony Romano (Healthy), Austin Wong (Healthy), Christopher Paquette (Healthy), Gianni Fairbrother (Healthy)
Daniel Bukac (Healthy), Simon Holmstrom (Healthy)
% Time on Ice - Rockets
Lines # - Real PCT - Wanted PCT - Time Play
Normal Forward
1 - 32% - 35% - 16:26
2 - 35% - 35% - 17:48
3 - 20% - 20% - 10:00
4 - 13% - 10% - 6:54
Normal Defense
1 - 39% - 40% - 19:54
2 - 31% - 30% - 15:52
3 - 20% - 20% - 10:18
4 - 10% - 10% - 5:04
PP Forward
1 - 34% - 60% - 1:00
2 - 66% - 40% - 1:54
PP Defense
1 - 41% - 60% - 1:12
2 - 59% - 40% - 1:42
PK Forward
1 - 78% - 60% - 4:40
2 - 22% - 40% - 1:18
PK Defense
1 - 57% - 60% - 3:25
2 - 43% - 40% - 2:33
PK3 Forward
1 - 0% - 60%
2 - 0% - 40%
PK3 Defense
1 - 0% - 60%
2 - 0% - 40%
44 Forward
1 - 0% - 60%
2 - 0% - 40%
44 Defense
1 - 0% - 60%
2 - 0% - 40%
Last Minute Offensive - 0:00
Last Minute Defensive - 0:00
Total
Forward - 60:00
Defense - 60:00
|
% Time on Ice - Americans
Lines # - Real PCT - Wanted PCT - Time Play
Normal Forward
1 - 37% - 40% - 19:03
2 - 24% - 30% - 12:16
3 - 21% - 20% - 10:30
4 - 18% - 10% - 9:19
Normal Defense
1 - 39% - 40% - 19:44
2 - 31% - 30% - 15:38
3 - 24% - 20% - 12:28
4 - 6% - 10% - 3:18
PP Forward
1 - 57% - 60% - 3:24
2 - 43% - 40% - 2:34
PP Defense
1 - 53% - 60% - 3:11
2 - 47% - 40% - 2:47
PK Forward
1 - 91% - 60% - 2:39
2 - 9% - 40% - 0:15
PK Defense
1 - 56% - 60% - 1:37
2 - 44% - 40% - 1:17
PK3 Forward
1 - 0% - 60%
2 - 0% - 40%
PK3 Defense
1 - 0% - 60%
2 - 0% - 40%
44 Forward
1 - 0% - 60%
2 - 0% - 40%
44 Defense
1 - 0% - 60%
2 - 0% - 40%
Last Minute Offensive - 0:00
Last Minute Defensive - 0:00
Total
Forward - 60:00
Defense - 60:00
|
Play-by-Play
1st period
0:01 of 1st period - Eetu Luostarinen wins face-off versus Ryan Fitzgerald in neutral zone.
0:29 of 1st period - Snap shot by Garret Pilon.
0:29 of 1st period - Stopped by Connor Hellebyuk with a rebound.
0:37 of 1st period - Snap shot by Cole Caufield.
0:37 of 1st period - Shot Misses the Net.
1:18 of 1st period - Snap shot by Richard Nejezchleb.
1:18 of 1st period - Shot Misses the Net.
1:22 of 1st period - Backhand shot by John Leonard.
1:22 of 1st period - Stopped by Justus Annunen without a rebound.
1:23 of 1st period - Jacob De La Rose wins face-off versus Maxim Mamin in Rockets zone.
2:34 of 1st period - Xavier Bouchard is hit by Garret Pilon and loses puck.
2:43 of 1st period - Wrist shot by Cole Caufield.
2:43 of 1st period - Stopped by Connor Hellebyuk with a rebound.
2:53 of 1st period - Jacob De La Rose is hit by Samuel Bolduc and loses puck.
3:00 of 1st period - Wrist shot by Michael McCarron.
3:00 of 1st period - Stopped by Justus Annunen with a rebound.
3:37 of 1st period - Jacob Bryson is hit by Alex Schoenborn and loses puck.
4:14 of 1st period - Tage Thompson is hit by Matt Grzelcyk and loses puck.
4:21 of 1st period - Matt Grzelcyk is hit by Alexander Romanov and loses puck.
4:40 of 1st period - Slapshot by Kevin Fiala.
4:40 of 1st period - Stopped by Justus Annunen without a rebound.
4:41 of 1st period - Ryan Fitzgerald wins face-off versus Nick Suzuki in Rockets zone.
4:46 of 1st period - Backhand shot by Kevin Fiala.
4:46 of 1st period - Deflect By Vladimir Tkachev.
4:46 of 1st period - Shot Blocked by Nick Suzuki.
4:46 of 1st period - Puck is out of play.
4:47 of 1st period - Michael McCarron wins face-off versus Nick Suzuki in Rockets zone.
4:50 of 1st period - Backhand shot by Richard Nejezchleb.
4:50 of 1st period - Shot Blocked by Quinn Hughes.
4:52 of 1st period - Wrist shot by Devon Teows.
4:52 of 1st period - Shot Misses the Net.
5:12 of 1st period - Slapshot by Nathan Noel.
5:12 of 1st period - Shot Misses the Net.
5:14 of 1st period - Snap shot by Devon Teows.
5:14 of 1st period - Stopped by Justus Annunen with a rebound.
5:26 of 1st period - Slapshot by Matias Maccelli.
5:26 of 1st period - Shot Blocked by Devon Teows.
5:37 of 1st period - Off-side.
5:38 of 1st period - Ryan Fitzgerald wins face-off versus Jacob De La Rose in neutral zone.
5:43 of 1st period - Wrist shot by Ryan Fitzgerald.
5:43 of 1st period - Stopped by Justus Annunen without a rebound.
5:44 of 1st period - Ryan Fitzgerald wins face-off versus Jacob De La Rose in Rockets zone.
5:59 of 1st period - Snap shot by Ryan Fitzgerald.
5:59 of 1st period - Stopped by Justus Annunen with a rebound.
7:46 of 1st period - Icing by Quinn Hughes.
7:47 of 1st period - Ryan Fitzgerald wins face-off versus Garret Pilon in Rockets zone.
7:50 of 1st period - Slapshot by Kevin Fiala.
7:50 of 1st period - Shot Misses the Net.
7:52 of 1st period - Slapshot by Kevin Fiala.
7:52 of 1st period - Stopped by Justus Annunen with a rebound.
8:00 of 1st period - Slapshot by Kevin Fiala.
8:00 of 1st period - Shot Blocked by Cole Caufield.
8:02 of 1st period - Snap shot by Kevin Fiala.
8:02 of 1st period - Stopped by Justus Annunen without a rebound.
8:03 of 1st period - Jacob De La Rose wins face-off versus Michael McCarron in Rockets zone.
8:03 of 1st period - Jacob De La Rose is hit by Richard Nejezchleb.
8:13 of 1st period - Wrist shot by Jacob De La Rose.
8:13 of 1st period - Shot Misses the Net.
9:06 of 1st period - Wrist shot by Alex Newhook.
9:06 of 1st period - Shot Misses the Net.
9:40 of 1st period - Devon Teows is hit by Aliaksei Protas and loses puck.
10:25 of 1st period - Slapshot by Dillon Heatherington.
10:25 of 1st period - Stopped by Justus Annunen without a rebound.
10:26 of 1st period - Maxim Mamin wins face-off versus Garret Pilon in Rockets zone.
10:41 of 1st period - Slapshot by Maxim Mamin.
10:41 of 1st period - Stopped by Justus Annunen without a rebound.
10:42 of 1st period - Jacob De La Rose wins face-off versus Kevin Fiala in Rockets zone.
10:46 of 1st period - Off-side.
10:47 of 1st period - Ryan Fitzgerald wins face-off versus Jacob De La Rose in neutral zone.
10:50 of 1st period - Snap shot by Ryan Fitzgerald.
10:50 of 1st period - Deflect By Kevin Fiala.
10:50 of 1st period - Deflect By Jacob De La Rose.
10:50 of 1st period - Shot Blocked by Jacob De La Rose.
10:50 of 1st period - Puck is out of play.
10:51 of 1st period - Jacob De La Rose wins face-off versus Ryan Fitzgerald in Rockets zone.
10:56 of 1st period - Wrist shot by Jacob De La Rose.
10:56 of 1st period - Shot Misses the Net.
11:10 of 1st period - Wrist shot by Kevin Fiala.
11:10 of 1st period - Shot Blocked by Jacob Bryson.
11:12 of 1st period - Wrist shot by Ryan Fitzgerald.
11:12 of 1st period - Deflect By Eetu Luostarinen.
11:12 of 1st period - Shot Misses the Net.
11:12 of 1st period - Puck is out of play.
11:13 of 1st period - Michael McCarron wins face-off versus Nick Suzuki in Rockets zone.
11:14 of 1st period - Wrist shot by Richard Nejezchleb.
11:14 of 1st period - Shot Blocked by Josh Anderson.
11:16 of 1st period - Snap shot by Devon Teows.
11:16 of 1st period - Stopped by Justus Annunen with a rebound.
11:18 of 1st period - Slapshot by Dillon Heatherington.
11:18 of 1st period - Stopped by Justus Annunen with a rebound.
11:26 of 1st period - Wrist shot by Richard Nejezchleb.
11:26 of 1st period - Shot Blocked by Quinn Hughes.
11:28 of 1st period - Slapshot by Richard Nejezchleb.
11:28 of 1st period - Stopped by Justus Annunen with a rebound.
11:47 of 1st period - Wrist shot by Jakob Pelletier.
11:47 of 1st period - Stopped by Justus Annunen without a rebound.
11:48 of 1st period - Nick Suzuki wins face-off versus Ryan Fitzgerald in Rockets zone.
11:50 of 1st period - Double Minor Penalty to Nick Suzuki for Roughing.
11:51 of 1st period - Ryan Fitzgerald wins face-off versus Jacob De La Rose in Rockets zone.
11:53 of 1st period - Snap shot by Kevin Fiala.
11:53 of 1st period - Stopped by Justus Annunen without a rebound.
11:54 of 1st period - Jacob De La Rose wins face-off versus Ryan Fitzgerald in Rockets zone.
12:42 of 1st period - Snap shot by Eetu Luostarinen.
12:42 of 1st period - Shot Misses the Net.
12:48 of 1st period - Cole Caufield is hit by Ryan Fitzgerald and loses puck.
14:04 of 1st period - Garret Pilon is hit by Kevin Fiala and loses puck.
14:21 of 1st period - Garret Pilon is hit by Dillon Heatherington and loses puck.
15:50 of 1st period - Penalty to Nick Suzuki is over, Nick Suzuki is back on ice.
16:10 of 1st period - Wrist shot by Eric Karlsson.
16:10 of 1st period - Shot Misses the Net.
16:24 of 1st period - Maxim Mamin is hit by Cole Caufield and loses puck.
16:34 of 1st period - Icing by Daniel Sprong.
16:35 of 1st period - Nathan Noel wins face-off versus Nick Suzuki in Americans zone.
16:42 of 1st period - Felix Bibeau is hit by Nick Suzuki and loses puck.
17:07 of 1st period - Slapshot by Jeff Corbett.
17:07 of 1st period - Shot Blocked by John Leonard.
17:26 of 1st period - Backhand shot by Jacob De La Rose.
17:26 of 1st period - Shot Misses the Net.
17:44 of 1st period - Nick Suzuki is hit by Maxim Mamin and loses puck.
18:01 of 1st period - Slapshot by John Marino.
18:01 of 1st period - Stopped by Connor Hellebyuk without a rebound.
18:02 of 1st period - Nathan Noel wins face-off versus Kirby Dach in Americans zone.
18:07 of 1st period - Backhand shot by Devon Teows.
18:07 of 1st period - Deflect By Alex Schoenborn.
18:07 of 1st period - Stopped by Justus Annunen without a rebound.
18:08 of 1st period - Nick Suzuki wins face-off versus Kevin Fiala in Rockets zone.
19:35 of 1st period - Slapshot by Kevin Fiala.
19:35 of 1st period - Shot Misses the Net.
19:37 of 1st period - Backhand shot by Matt Grzelcyk.
19:37 of 1st period - Deflect By Nick Suzuki.
19:37 of 1st period - Stopped by Justus Annunen without a rebound.
19:38 of 1st period - Nick Suzuki wins face-off versus Ryan Fitzgerald in Rockets zone.
19:38 of 1st period - Nick Suzuki is hit by Devon Teows.
19:45 of 1st period - Off-side.
19:46 of 1st period - Nick Suzuki wins face-off versus Vladimir Tkachev in neutral zone.
Goals for this period are 0 for Rockets vs 0 for Americans.
Shots for this period are 3 for Rockets vs 17 for Americans.
2nd period
0:01 of 2nd period - Ryan Fitzgerald wins face-off versus Jacob De La Rose in neutral zone.
0:18 of 2nd period - Jeff Corbett is hit by Dillon Heatherington and loses puck.
0:28 of 2nd period - Off-side.
0:29 of 2nd period - Maxim Mamin wins face-off versus Nick Suzuki in neutral zone.
0:38 of 2nd period - Matt Grzelcyk is hit by Nick Suzuki.
1:17 of 2nd period - Slapshot by Jacob De La Rose.
1:17 of 2nd period - Shot Misses the Net.
1:43 of 2nd period - Wrist shot by Alex Schoenborn.
1:43 of 2nd period - Stopped by Justus Annunen without a rebound.
1:44 of 2nd period - Ryan Fitzgerald wins face-off versus Nick Suzuki in Rockets zone.
1:47 of 2nd period - Slapshot by Matt Grzelcyk.
1:47 of 2nd period - Deflect By Ryan Fitzgerald.
1:47 of 2nd period - Stopped by Justus Annunen without a rebound.
1:48 of 2nd period - Nick Suzuki wins face-off versus Ryan Fitzgerald in Rockets zone.
2:03 of 2nd period - Wrist shot by Nick Suzuki.
2:03 of 2nd period - Stopped by Connor Hellebyuk without a rebound.
2:04 of 2nd period - Michael McCarron wins face-off versus Jacob De La Rose in Americans zone.
2:04 of 2nd period - Michael McCarron is hit by Alexander Romanov.
2:58 of 2nd period - Slapshot by Moritz Seider.
2:58 of 2nd period - Stopped by Connor Hellebyuk without a rebound.
2:59 of 2nd period - Jacob De La Rose wins face-off versus Michael McCarron in Americans zone.
3:24 of 2nd period - Spencer Stastney is hit by Josh Anderson and loses puck.
3:29 of 2nd period - Slapshot by Josh Anderson.
3:29 of 2nd period - Shot Misses the Net.
3:34 of 2nd period - Icing by Kevin Fiala.
3:35 of 2nd period - Ryan Fitzgerald wins face-off versus Jacob De La Rose in Americans zone.
3:41 of 2nd period - Jacob De La Rose is hit by Vladimir Tkachev and loses puck.
4:06 of 2nd period - Slapshot by Vladimir Tkachev.
4:06 of 2nd period - Shot Misses the Net.
4:55 of 2nd period - Slapshot by Dillon Heatherington.
4:55 of 2nd period - Stopped by Justus Annunen with a rebound.
5:32 of 2nd period - Xavier Bouchard is hit by Nick Suzuki and loses puck.
5:43 of 2nd period - Snap shot by Josh Anderson.
5:43 of 2nd period - Shot Blocked by Xavier Bouchard.
5:49 of 2nd period - Minor Penalty to Xavier Bouchard for Holding Stick.
5:50 of 2nd period - Ryan Fitzgerald wins face-off versus Nick Suzuki in Americans zone.
6:03 of 2nd period - Snap shot by Nick Suzuki.
6:03 of 2nd period - Shot Misses the Net.
6:15 of 2nd period - Devon Teows is hit by Kirby Dach and loses puck.
6:24 of 2nd period - Snap shot by Alex Newhook.
6:24 of 2nd period - Stopped by Connor Hellebyuk without a rebound.
6:25 of 2nd period - Nick Suzuki wins face-off versus Ryan Fitzgerald in Americans zone.
6:28 of 2nd period - Snap shot by Matias Maccelli.
6:28 of 2nd period - Deflect By Cole Caufield.
6:28 of 2nd period - Shot Misses the Net.
6:28 of 2nd period - Puck is out of play.
6:29 of 2nd period - Nick Suzuki wins face-off versus Ryan Fitzgerald in Americans zone.
6:38 of 2nd period - Slapshot by Quinn Hughes.
6:38 of 2nd period - Shot Blocked by Matt Grzelcyk.
6:40 of 2nd period - Snap shot by Nick Suzuki.
6:40 of 2nd period - Stopped by Connor Hellebyuk without a rebound.
6:41 of 2nd period - Nick Suzuki wins face-off versus Ryan Fitzgerald in Americans zone.
6:44 of 2nd period - Snap shot by Nick Suzuki.
6:44 of 2nd period - Deflect By Matias Maccelli.
6:44 of 2nd period - Goal by Matias Maccelli - Rockets : 1 - Americans : 0.
6:45 of 2nd period - Kevin Fiala wins face-off versus Jacob De La Rose in neutral zone.
7:25 of 2nd period - Michael McCarron is hit by Alexander Romanov and loses puck.
7:40 of 2nd period - Josh Anderson is hit by Jakob Pelletier and loses puck.
8:27 of 2nd period - Wrist shot by Eetu Luostarinen.
8:27 of 2nd period - Stopped by Connor Hellebyuk without a rebound.
8:28 of 2nd period - Ryan Fitzgerald wins face-off versus Jacob De La Rose in Americans zone.
8:28 of 2nd period - Ryan Fitzgerald is hit by John Marino.
8:38 of 2nd period - Slapshot by Kevin Fiala.
8:38 of 2nd period - Shot Misses the Net.
8:44 of 2nd period - Snap shot by Vladimir Tkachev.
8:44 of 2nd period - Deflect By Kevin Fiala.
8:44 of 2nd period - Stopped by Justus Annunen with a rebound.
8:54 of 2nd period - Slapshot by Eric Karlsson.
8:54 of 2nd period - Shot Misses the Net.
8:56 of 2nd period - Snap shot by Aliaksei Protas.
8:56 of 2nd period - Stopped by Connor Hellebyuk without a rebound.
8:57 of 2nd period - Kirby Dach wins face-off versus Michael McCarron in Americans zone.
9:04 of 2nd period - Slapshot by Moritz Seider.
9:04 of 2nd period - Stopped by Connor Hellebyuk without a rebound.
9:05 of 2nd period - Jacob De La Rose wins face-off versus Ryan Fitzgerald in Americans zone.
9:06 of 2nd period - Slapshot by Eetu Luostarinen.
9:06 of 2nd period - Shot Blocked by Kevin Fiala.
9:08 of 2nd period - Snap shot by Jacob De La Rose.
9:08 of 2nd period - Shot Misses the Net.
9:12 of 2nd period - Wrist shot by Tage Thompson.
9:12 of 2nd period - Shot Misses the Net.
9:14 of 2nd period - Slapshot by Moritz Seider.
9:14 of 2nd period - Stopped by Connor Hellebyuk without a rebound.
9:15 of 2nd period - Vladimir Tkachev wins face-off versus Jacob De La Rose in Americans zone.
9:24 of 2nd period - Snap shot by Kevin Fiala.
9:24 of 2nd period - Stopped by Justus Annunen with a rebound.
9:58 of 2nd period - Wrist shot by Eetu Luostarinen.
9:58 of 2nd period - Deflect By Jacob De La Rose.
9:58 of 2nd period - Shot Misses the Net.
9:58 of 2nd period - Puck is out of play.
9:59 of 2nd period - Josh Anderson wins face-off versus Michael McCarron in Americans zone.
10:00 of 2nd period - Slapshot by Nick Suzuki.
10:00 of 2nd period - Shot Misses the Net.
10:06 of 2nd period - Snap shot by Nick Suzuki.
10:06 of 2nd period - Shot Misses the Net.
10:08 of 2nd period - Snap shot by Nick Suzuki.
10:08 of 2nd period - Shot Misses the Net.
10:10 of 2nd period - Snap shot by Nick Suzuki.
10:10 of 2nd period - Stopped by Connor Hellebyuk without a rebound.
10:11 of 2nd period - Michael McCarron wins face-off versus Matias Maccelli in Americans zone.
10:20 of 2nd period - Slapshot by Michael McCarron.
10:20 of 2nd period - Stopped by Justus Annunen with a rebound.
10:22 of 2nd period - Slapshot by Spencer Stastney.
10:22 of 2nd period - Shot Misses the Net.
10:24 of 2nd period - Snap shot by John Leonard.
10:24 of 2nd period - Stopped by Justus Annunen with a rebound.
10:43 of 2nd period - Alexander Romanov is hit by Matt Grzelcyk and loses puck.
10:56 of 2nd period - Kevin Fiala is hit by Alexander Romanov and loses puck.
11:21 of 2nd period - Snap shot by Eric Karlsson.
11:21 of 2nd period - Shot Misses the Net.
11:23 of 2nd period - Slapshot by Quinn Hughes.
11:23 of 2nd period - Stopped by Connor Hellebyuk with a rebound.
11:25 of 2nd period - Snap shot by Eric Karlsson.
11:25 of 2nd period - Stopped by Connor Hellebyuk with a rebound.
12:02 of 2nd period - Jakob Pelletier is hit by Jeff Corbett.
12:08 of 2nd period - Alex Newhook is hit by Xavier Bouchard and loses puck.
12:41 of 2nd period - Matt Grzelcyk is hit by Aliaksei Protas and loses puck.
13:17 of 2nd period - Icing by Moritz Seider.
13:18 of 2nd period - Daniel Sprong wins face-off versus Garret Pilon in Rockets zone.
13:21 of 2nd period - Wrist shot by Maxim Mamin.
13:21 of 2nd period - Shot Misses the Net.
13:45 of 2nd period - Wrist shot by Kevin Fiala.
13:45 of 2nd period - Stopped by Justus Annunen without a rebound.
13:46 of 2nd period - Ryan Fitzgerald wins face-off versus Nick Suzuki in Rockets zone.
13:49 of 2nd period - Snap shot by Kevin Fiala.
13:49 of 2nd period - Deflect By Josh Anderson.
13:49 of 2nd period - Shot Misses the Net.
13:49 of 2nd period - Puck is out of play.
13:50 of 2nd period - Nick Suzuki wins face-off versus Kevin Fiala in Rockets zone.
14:03 of 2nd period - Snap shot by Josh Anderson.
14:03 of 2nd period - Stopped by Connor Hellebyuk with a rebound.
14:05 of 2nd period - Slapshot by John Marino.
14:05 of 2nd period - Stopped by Connor Hellebyuk with a rebound.
15:02 of 2nd period - Nick Suzuki is hit by Daniel Sprong and loses puck.
15:29 of 2nd period - Snap shot by Garret Pilon.
15:29 of 2nd period - Shot Misses the Net.
15:31 of 2nd period - Slapshot by Jacob Bryson.
15:31 of 2nd period - Stopped by Connor Hellebyuk with a rebound.
15:33 of 2nd period - Wrist shot by Cole Caufield.
15:33 of 2nd period - Stopped by Connor Hellebyuk with a rebound.
15:35 of 2nd period - Slapshot by John Marino.
15:35 of 2nd period - Shot Misses the Net.
15:55 of 2nd period - Wrist shot by Michael McCarron.
15:55 of 2nd period - Goal by Michael McCarron - Rockets : 1 - Americans : 1.
15:56 of 2nd period - Ryan Fitzgerald wins face-off versus Nick Suzuki in neutral zone.
16:07 of 2nd period - Slapshot by Kevin Fiala.
16:07 of 2nd period - Stopped by Justus Annunen with a rebound.
16:09 of 2nd period - Snap shot by Kevin Fiala.
16:09 of 2nd period - Stopped by Justus Annunen with a rebound.
16:11 of 2nd period - Snap shot by Matt Grzelcyk.
16:11 of 2nd period - Deflect By Kevin Fiala.
16:11 of 2nd period - Shot Blocked by Alexander Romanov.
16:11 of 2nd period - Puck is out of play.
16:12 of 2nd period - John Leonard wins face-off versus Tage Thompson in Rockets zone.
17:02 of 2nd period - Daniel Sprong is hit by Garret Pilon and loses puck.
18:07 of 2nd period - Wrist shot by Nick Suzuki.
18:07 of 2nd period - Deflect By Josh Anderson.
18:07 of 2nd period - Shot Misses the Net.
18:07 of 2nd period - Puck is out of play.
18:08 of 2nd period - Ryan Fitzgerald wins face-off versus Nick Suzuki in Americans zone.
18:08 of 2nd period - Ryan Fitzgerald is hit by Jacob Bryson.
18:16 of 2nd period - Wrist shot by Matias Maccelli.
18:16 of 2nd period - Stopped by Connor Hellebyuk without a rebound.
18:17 of 2nd period - Nick Suzuki wins face-off versus Ryan Fitzgerald in Americans zone.
18:28 of 2nd period - Backhand shot by Josh Anderson.
18:28 of 2nd period - Stopped by Connor Hellebyuk with a rebound.
18:30 of 2nd period - Snap shot by Josh Anderson.
18:30 of 2nd period - Shot Misses the Net.
18:32 of 2nd period - Slapshot by Matias Maccelli.
18:32 of 2nd period - Stopped by Connor Hellebyuk without a rebound.
18:33 of 2nd period - Jacob De La Rose wins face-off versus Michael McCarron in Americans zone.
19:23 of 2nd period - Matt Grzelcyk is hit by Alex Newhook and loses puck.
19:30 of 2nd period - Snap shot by Cole Caufield.
19:30 of 2nd period - Stopped by Connor Hellebyuk with a rebound.
19:32 of 2nd period - Wrist shot by Cole Caufield.
19:32 of 2nd period - Shot Hit the Post.
19:50 of 2nd period - Jacob Bryson is hit by Nathan Noel.
Goals for this period are 1 for Rockets vs 1 for Americans.
Shots for this period are 20 for Rockets vs 11 for Americans.
3rd period
0:01 of 3rd period - Ryan Fitzgerald wins face-off versus Jacob De La Rose in neutral zone.
0:10 of 3rd period - Slapshot by Kevin Fiala.
0:10 of 3rd period - Stopped by Justus Annunen with a rebound.
0:31 of 3rd period - Wrist shot by Nick Suzuki.
0:31 of 3rd period - Shot Misses the Net.
1:29 of 3rd period - Maxim Mamin is hit by Tage Thompson.
1:39 of 3rd period - Snap shot by Jakob Pelletier.
1:39 of 3rd period - Shot Misses the Net.
1:41 of 3rd period - Wrist shot by Daniel Sprong.
1:41 of 3rd period - Shot Misses the Net.
1:43 of 3rd period - Snap shot by Daniel Sprong.
1:43 of 3rd period - Stopped by Justus Annunen with a rebound.
2:02 of 3rd period - Moritz Seider is hit by Kevin Fiala and loses puck.
3:39 of 3rd period - Samuel Bolduc is hit by Garret Pilon and loses puck.
4:36 of 3rd period - Wrist shot by Alex Schoenborn.
4:36 of 3rd period - Stopped by Justus Annunen with a rebound.
4:52 of 3rd period - Wrist shot by Eric Karlsson.
4:52 of 3rd period - Deflect By Aliaksei Protas.
4:52 of 3rd period - Shot Blocked by Maxim Mamin.
4:52 of 3rd period - Puck is out of play.
4:53 of 3rd period - Kirby Dach wins face-off versus Maxim Mamin in Americans zone.
4:56 of 3rd period - Snap shot by Eric Karlsson.
4:56 of 3rd period - Stopped by Connor Hellebyuk without a rebound.
4:57 of 3rd period - Jacob De La Rose wins face-off versus Ryan Fitzgerald in Americans zone.
5:32 of 3rd period - Jacob Bryson is hit by Spencer Stastney and loses puck.
5:47 of 3rd period - Slapshot by Jacob Bryson.
5:47 of 3rd period - Shot Misses the Net.
5:49 of 3rd period - Snap shot by Garret Pilon.
5:49 of 3rd period - Stopped by Connor Hellebyuk with a rebound.
5:51 of 3rd period - Wrist shot by Cole Caufield.
5:51 of 3rd period - Shot Misses the Net.
5:53 of 3rd period - Slapshot by Alex Newhook.
5:53 of 3rd period - Shot Misses the Net.
5:55 of 3rd period - Slapshot by John Marino.
5:55 of 3rd period - Shot Blocked by Daniel Sprong.
6:13 of 3rd period - Snap shot by Alex Schoenborn.
6:13 of 3rd period - Stopped by Justus Annunen without a rebound.
6:14 of 3rd period - Jacob De La Rose wins face-off versus Ryan Fitzgerald in Rockets zone.
7:04 of 3rd period - Slapshot by Quinn Hughes.
7:04 of 3rd period - Deflect By Nick Suzuki.
7:04 of 3rd period - Stopped by Connor Hellebyuk with a rebound.
7:06 of 3rd period - Snap shot by Alexander Romanov.
7:06 of 3rd period - Stopped by Connor Hellebyuk without a rebound.
7:07 of 3rd period - Nathan Noel wins face-off versus Jacob De La Rose in Americans zone.
7:24 of 3rd period - Slapshot by Jeff Corbett.
7:24 of 3rd period - Deflect By Spencer Stastney.
7:24 of 3rd period - Stopped by Connor Hellebyuk without a rebound.
7:25 of 3rd period - Nick Suzuki wins face-off versus Vladimir Tkachev in Americans zone.
7:26 of 3rd period - Slapshot by Matias Maccelli.
7:26 of 3rd period - Stopped by Connor Hellebyuk without a rebound.
7:27 of 3rd period - Ryan Fitzgerald wins face-off versus Nick Suzuki in Americans zone.
7:27 of 3rd period - Ryan Fitzgerald is hit by Matias Maccelli.
7:42 of 3rd period - Wrist shot by Nick Suzuki.
7:42 of 3rd period - Deflect By Kevin Fiala.
7:42 of 3rd period - Shot Blocked by Dillon Heatherington.
7:42 of 3rd period - Puck is out of play.
7:43 of 3rd period - Michael McCarron wins face-off versus Jacob De La Rose in Americans zone.
7:43 of 3rd period - Michael McCarron is hit by Eetu Luostarinen.
7:59 of 3rd period - Snap shot by Devon Teows.
7:59 of 3rd period - Stopped by Justus Annunen with a rebound.
8:19 of 3rd period - Snap shot by Dillon Heatherington.
8:19 of 3rd period - Stopped by Justus Annunen with a rebound.
8:21 of 3rd period - Snap shot by Ryan Fitzgerald.
8:21 of 3rd period - Stopped by Justus Annunen with a rebound.
8:23 of 3rd period - Snap shot by Ryan Fitzgerald.
8:23 of 3rd period - Shot Misses the Net.
8:33 of 3rd period - Wrist shot by Nathan Noel.
8:33 of 3rd period - Shot Misses the Net.
8:35 of 3rd period - Wrist shot by Alex Schoenborn.
8:35 of 3rd period - Shot Misses the Net.
8:39 of 3rd period - Slapshot by Matt Grzelcyk.
8:39 of 3rd period - Shot Misses the Net.
8:41 of 3rd period - Snap shot by Matt Grzelcyk.
8:41 of 3rd period - Deflect By Alex Schoenborn.
8:41 of 3rd period - Goal by Alex Schoenborn - Rockets : 1 - Americans : 2.
8:42 of 3rd period - Jacob De La Rose wins face-off versus Ryan Fitzgerald in neutral zone.
8:55 of 3rd period - Off-side.
8:56 of 3rd period - Michael McCarron wins face-off versus Jacob De La Rose in neutral zone.
8:59 of 3rd period - Jacob De La Rose is hit by Michael McCarron and loses puck.
9:06 of 3rd period - Snap shot by Richard Nejezchleb.
9:06 of 3rd period - Stopped by Justus Annunen with a rebound.
9:12 of 3rd period - Snap shot by John Leonard.
9:12 of 3rd period - Shot Misses the Net.
9:55 of 3rd period - Wrist shot by Matt Grzelcyk.
9:55 of 3rd period - Shot Misses the Net.
11:00 of 3rd period - Minor Penalty to Devon Teows for Holding.
11:01 of 3rd period - Ryan Fitzgerald wins face-off versus Nick Suzuki in Americans zone.
11:01 of 3rd period - Ryan Fitzgerald is hit by Matias Maccelli.
11:28 of 3rd period - Ryan Fitzgerald is hit by Alex Newhook and loses puck.
11:41 of 3rd period - Snap shot by Michael McCarron.
11:41 of 3rd period - Shot Blocked by Jacob Bryson.
12:35 of 3rd period - Michael McCarron is hit by Alex Newhook and loses puck.
12:40 of 3rd period - Backhand shot by Jacob Bryson.
12:40 of 3rd period - Stopped by Connor Hellebyuk with a rebound.
12:42 of 3rd period - Wrist shot by John Marino.
12:42 of 3rd period - Shot Misses the Net.
12:56 of 3rd period - Snap shot by Eetu Luostarinen.
12:56 of 3rd period - Stopped by Connor Hellebyuk with a rebound.
12:58 of 3rd period - Snap shot by Eetu Luostarinen.
12:58 of 3rd period - Shot Misses the Net.
13:00 of 3rd period - Penalty to Devon Teows is over, Devon Teows is back on ice.
13:00 of 3rd period - Slapshot by Eetu Luostarinen.
13:00 of 3rd period - Deflect By Alex Newhook.
13:00 of 3rd period - Stopped by Connor Hellebyuk with a rebound.
13:08 of 3rd period - Wrist shot by Eetu Luostarinen.
13:08 of 3rd period - Shot Misses the Net.
13:10 of 3rd period - Slapshot by Kirby Dach.
13:10 of 3rd period - Stopped by Connor Hellebyuk with a rebound.
13:12 of 3rd period - Slapshot by John Marino.
13:12 of 3rd period - Stopped by Connor Hellebyuk with a rebound.
13:20 of 3rd period - Wrist shot by Eetu Luostarinen.
13:20 of 3rd period - Shot Misses the Net.
13:22 of 3rd period - Slapshot by John Marino.
13:22 of 3rd period - Stopped by Connor Hellebyuk with a rebound.
13:24 of 3rd period - Snap shot by Kirby Dach.
13:24 of 3rd period - Shot Misses the Net.
13:26 of 3rd period - Slapshot by Jacob Bryson.
13:26 of 3rd period - Deflect By Alex Newhook.
13:26 of 3rd period - Stopped by Connor Hellebyuk without a rebound.
13:27 of 3rd period - Ryan Fitzgerald wins face-off versus Nick Suzuki in Americans zone.
14:28 of 3rd period - Backhand shot by Jakob Pelletier.
14:28 of 3rd period - Stopped by Justus Annunen with a rebound.
14:30 of 3rd period - Wrist shot by Ryan Fitzgerald.
14:30 of 3rd period - Stopped by Justus Annunen without a rebound.
14:31 of 3rd period - Ryan Fitzgerald wins face-off versus Garret Pilon in Rockets zone.
14:36 of 3rd period - Snap shot by Kevin Fiala.
14:36 of 3rd period - Stopped by Justus Annunen with a rebound.
14:38 of 3rd period - Snap shot by Ryan Fitzgerald.
14:38 of 3rd period - Goal by Ryan Fitzgerald - Rockets : 1 - Americans : 3.
14:39 of 3rd period - Nick Suzuki wins face-off versus Michael McCarron in neutral zone.
15:04 of 3rd period - Quinn Hughes is hit by Ryan Fitzgerald and loses puck.
15:27 of 3rd period - Slapshot by Matt Grzelcyk.
15:27 of 3rd period - Stopped by Justus Annunen with a rebound.
15:29 of 3rd period - Slapshot by Samuel Bolduc.
15:29 of 3rd period - Shot Misses the Net.
15:31 of 3rd period - Minor Penalty to Alexander Romanov for Tripping.
15:32 of 3rd period - Vladimir Tkachev wins face-off versus Jacob De La Rose in Rockets zone.
15:36 of 3rd period - Slapshot by Devon Teows.
15:36 of 3rd period - Stopped by Justus Annunen with a rebound.
15:38 of 3rd period - Slapshot by Dillon Heatherington.
15:38 of 3rd period - Shot Misses the Net.
15:40 of 3rd period - Wrist shot by Vladimir Tkachev.
15:40 of 3rd period - Shot Misses the Net.
16:32 of 3rd period - Eetu Luostarinen is hit by Richard Nejezchleb and loses puck.
17:31 of 3rd period - Penalty to Alexander Romanov is over, Alexander Romanov is back on ice.
17:39 of 3rd period - Maxim Mamin is hit by Nick Suzuki and loses puck.
17:50 of 3rd period - Aliaksei Protas is hit by Daniel Sprong.
18:02 of 3rd period - Snap shot by Nathan Noel.
18:02 of 3rd period - Deflect By Alex Schoenborn.
18:02 of 3rd period - Stopped by Justus Annunen without a rebound.
18:03 of 3rd period - Nathan Noel wins face-off versus Garret Pilon in Rockets zone.
18:30 of 3rd period - Devon Teows is hit by Eetu Luostarinen and loses puck.
19:13 of 3rd period - Kevin Fiala is hit by Cole Caufield and loses puck.
Goals for this period are 0 for Rockets vs 2 for Americans.
Shots for this period are 13 for Rockets vs 16 for Americans.
Output by the SimonT Hockey Simulator (STHS) for Francois Prevost